 Dungeon Crawl Stone Soup version 0.31-a0-672-g7da72447bb (webtiles) character file.

Game seed: 4761419100738266858

66546 avis the Spry (level 14, -2/80 HPs)
             Began as a Felid Shapeshifter on Sept 4, 2023.
             Was an Initiate of Gozag.
             Slain by an orc warrior
             ... wielding a +0 war axe
              (22 damage)
             ... on level 1 of the Orcish Mines.
             The game lasted 02:57:22 (25507 turns).

avis the Spry (Felid Shapeshifter)                 Turns: 25507, Time: 02:57:22

Health: -2/80      AC: 14    Str: 25    XL:     14   Next: 79%
Magic:  19/19      EV: 18    Int: 14    God:    Gozag
Gold:   727        SH:  0    Dex: 23    Spells: 6/19 levels left
                                        Lives:  0   Deaths: 5

rFire   + +          .
                       - Unarmed
rCold   x . .        (shield unavailable)
rNeg    . . .        (body armour unavailable)
rPois   +            (helmet unavailable)
rElec   .            (cloak unavailable)
rCorr   .            (gloves unavailable)
SInv    +            (boots unavailable)
Will    ++...        Q - amulet of regeneration
Stlth   +++++        e - +4 ring of protection
HPRegen 1.13/turn    w - +6 ring of dexterity
MPRegen 0.16/turn

%: no passive effects
@: dragon-form, flying
A: dragon claw, dragon scales, breathe fire, flying, boosted hp, giant, (claws
1), (fangs 3), see invisible, (speed 1), (shaggy fur 3), (stealthy paws), no
weapons or thrown items, no armour, multi-lived, clever 1, strong 1
a: Breathe Fire, Begin Untransformation, Renounce Religion, Potion Petition,
Call Merchant, Bribe Branch


You were on level 1 of the Orcish Mines.
You worshipped Gozag.
Gozag was pleased with you.
You were a fearsome dragon!
You visited 4 branches of the dungeon, and saw 20 of its levels.
You also visited: Gauntlet and Ice Cave.

You collected 7344 gold pieces.
You spent 4011 gold pieces at shops.
You paid 2606 gold pieces to Gozag.

Inventory:

Jewellery
 e - a +4 ring of protection (left foreclaw)
 j - a ring of flight
 k - an amulet of regeneration
 w - a +6 ring of dexterity (right foreclaw)
 K - an amulet of the acrobat
 L - a ring of ice
 M - the amulet "Teat" {RegenMP rCorr}
   (You bought it in a shop on level 1 of the Lair of Beasts)

   [amulet of magic regeneration]

   RegenMP:   It increases your rate of magic regeneration.
   rCorr:     It protects you from acid and corrosion.
 N - a ring of magical power
 O - a +6 ring of intelligence
 Q - an amulet of regeneration (around neck)
 V - a +4 ring of protection
Talismans
 b - a beast talisman
 f - a flux talisman
 D - a dragon-blood talisman (active)
Wands
 n - a wand of paralysis (2)
 s - a wand of iceblast (2)
 P - a wand of mindburst (13)
Scrolls
 c - 2 scrolls of enchant weapon {unknown}
 h - 3 scrolls of immolation
 i - a scroll of enchant armour
 o - a scroll of brand weapon {unknown}
 p - 9 scrolls of teleportation
 q - 3 scrolls of summoning
 t - a scroll of amnesia
 u - 5 scrolls of fog
 x - a scroll of vulnerability {unknown}
 y - 3 scrolls of identify
 A - 7 scrolls of blinking
 E - 2 scrolls of noise {unknown}
 G - 4 scrolls of revelation
 H - 2 scrolls of poison
 J - 2 scrolls of fear
Potions
 a - a potion of lignification
 d - 3 potions of ambrosia
 g - a potion of heal wounds
 l - 5 potions of enlightenment
 m - 4 potions of resistance
 r - 4 potions of brilliance
 v - 3 potions of berserk rage
 z - 4 potions of curing
 B - a potion of haste {unknown}
 C - a potion of degeneration {unknown}
 F - 3 potions of mutation
 I - 4 potions of cancellation
 R - 2 potions of invisibility {unknown}
Miscellaneous
 S - a lightning rod (4/4)
 T - a phantom mirror


   Skills:
 - Level 10.0 Fighting
 - Level 15.0 Dodging
 - Level 10.0 Stealth
 - Level 14.0 Unarmed Combat
 - Level 3.0 Spellcasting
 - Level 11.0 Translocations
 * Level 14.1 Shapeshifting


You had 6 spell levels left.
You knew the following spells:

 Your Spells              Type           Power      Damage    Failure   Level
b - Blink                 Tloc           64%        N/A       1%          2
m - Manifold Assault      Tloc           32%        N/A       2%          4
p - Passage of Golubria   Tloc           32%        N/A       2%          4
t - Teleport Other        Tloc           32%        N/A       1%          3

Your spell library contained the following spells:

 Spells                   Type           Power      Damage    Failure   Level
 Apportation              Tloc           64%        N/A       1%          1
 Lesser Beckoning         Tloc           64%        N/A       1%          2
 Gell's Gravitas          Tloc           32%        N/A       1%          3
 Momentum Strike          Conj/Tloc      34%        3d8       3%          2
 Kiss of Death            Conj/Necr      8%         2d6       22%         1
 Sting                    Tmut/Pois      8%         1d3       22%         1
 Iskenderun's Mystic Bla  Conj/Tloc      17%        2d5       22%         4
 Ensorcelled Hibernation  Hex/Ice        4%         N/A       32%         2
 Passwall                 Tmut/Erth      1%         N/A       32%         2
 Poisonous Vapours        Pois/Air       4%         N/A       32%         2
 Scorch                   Fire           4%         2d5       32%         2
 Dispersal                Tloc           16%        N/A       34%         6
 Confusing Touch          Hex            2%         N/A       54%         3
 Hailstorm                Conj/Ice       2%         3d3       54%         3
 Ignite Poison            Fire/Tmut/Pois 2%         N/A       54%         3
 Mephitic Cloud           Conj/Pois/Air  2%         N/A       54%         3
 Swiftness                Air            2%         N/A       54%         3
 Tukima's Dance           Hex            2%         N/A       54%         3
 Dispel Undead            Necr           2%         3d7       91%         4
 Flame Wave               Conj/Fire      2%         2d4       91%         4
 Sticky Flame             Conj/Fire      2%         2d3       91%         4
 Summon Ice Beast         Ice/Summ       2%         N/A       91%         4
 Freezing Cloud           Conj/Ice/Air   1%         6-21      99%         5
 Irradiate                Conj/Tmut      1%         3d12      99%         5
 Summon Cactus Giant      Summ           1%         N/A       100%        6
 Haunt                    Necr/Summ      1%         N/A       100%        7
 Disjunction              Tloc           16%        N/A       100%        8
 Ignition                 Fire           1%         3d3       100%        8
 Infestation              Necr           1%         N/A       100%        8
 Chain Lightning          Conj/Air       1%         3d1       100%        9
 Fire Storm               Conj/Fire      1%         7d1       100%        9
 Shatter                  Erth           1%         3d5*      100%        9
 Portal Projectile        Hex/Tloc       Unusable   N/A       N/A         3
 Animate Dead             Necr           Unusable   N/A       N/A         4
 Simulacrum               Ice/Necr       Unusable   N/A       N/A         6

Dungeon Overview and Level Annotations

Branches:
Dungeon (12/15)            Temple (1/1) D:7            Lair (5/5) D:10
 Shoals (0/4) Lair:3        Snake (0/4) Lair:3        Slime (0/5) Lair:4
    Orc (2/2) D:12          IceCv (visited)         Gauntlet (visited)
    Elf: Orc:2

Altars:
Ashenzari
Cheibriados
Dithmenos
Elyvilon
Fedhas
Gozag
Hepliaklqana
Kikubaaqudgha
Makhleb
Nemelex Xobeh
Okawaru
Qazlal
Ru
Sif Muna
Trog
Uskayaw
Vehumet
Wu Jian
Xom
Yredelemnul
Zin
The Shining One

Shops:
D:6 (   D:9 *   D:10 :   D:12 =*[(   Orc:1 [(   Orc:2 *   Lair:1 *   Lair:4 *
Lair:5 *

Portals:
Abyss: Lair:5

Annotations:
Lair:5 2 transporters, Suloph's ghost, journeyman MiFi


Innate Abilities, Weirdness & Mutations

You are a fearsome dragon!
You have a powerful clawing attack.
Your giant scaled body is strong and resilient, but less evasive.
You can breathe fire.
You are flying.
Your maximum health is increased.
((You have sharp claws.))
((You have razor-sharp teeth.))
You have supernaturally acute eyesight. (SInv)
((You cover ground quickly. (Speed+)))
((Your thick and shaggy fur keeps you warm. (AC +3, rC+)))
((Your paws help you pounce on unaware monsters.))
You are incapable of wielding weapons or throwing items.
You cannot wear armour.
You gain extra lives every three experience levels.
Your mind is acute. (Int +4, Str/Dex -1)
Your muscles are strong. (Str +4, Int/Dex -1)


Message History

The orc warrior is almost dead.
The orc warrior is engulfed in blazing flames.
You kill the orc warrior!
You now have 727 gold pieces (gained 8).
Things that are here:
a +0 scimitar; a +0 chain mail
There is a stone staircase leading down here.
You start waiting.
You have got your breath back.
You fly downwards.
The warg closely misses you.
The orc warrior hits you but does no damage.
The warg bites you but does no damage.
There is a stone staircase leading up, spattered with blood here.
Things that are here:
a +0 plate armour; a +0 mace The orc warrior hits you but does no damage.
The orc warlord hits you with a +0 heavy great sword!
The orc knight roars a battlecry!
The orcs go into a battle-frenzy!
The warg closely misses you.
You fly upwards.
There is a stone staircase leading down here.
Aiming: Breathe Fire (0% risk of failure)
Press: ? - help, Shift-Dir - straight line
Okay, then.
The orc warrior attacks as it pursues you!
The orc warrior completely misses you. The warg attacks as it pursues you!
The warg bites you.
The orc warlord hits you with a +0 heavy great sword!!!
Ouch! That really hurt!
* * * LOW HITPOINT WARNING * * *
The warg attacks as it pursues you! The warg completely misses you.
The orc warrior attacks as it pursues you!
The orc warrior completely misses you. The warg bites you.
* * * LOW HITPOINT WARNING * * *
The orc warrior attacks as it pursues you!
The orc warrior hits you with a +0 war axe!!
You die...
Your body crumbles into a pile of gold.

[....#.## ####.# ...#####
#....### ....## ###....## ##...#
###.[.[...## .#...# #....>.....#
.#..#####...[.h...##
.#..#.##....#.#o..####
.#..........###.o....##
.#........######D.....#
.#.........#.#.......##
.#..###......#......##
.#.####......#......#
##.##....##......#.## ###
...#....##........## ####.##
).....####.........####.#...#
).....#.###..####.##........###
...#.....###.#∩.♣##...........##


You could see an orc warlord (strong), a warg and an orc warrior (strong).

Vanquished Creatures
  An orc warlord (Orc:1)
  5 hydras
  2 boulder beetles (D:10)
  3 catoblepae
  A two-headed ogre (D:12)
  A deep troll shaman (Lair:5)
  20 death yaks
  An orc high priest (Orc:1)
  A fire crab (Lair:5)
  4 skeletal warriors
  2 bog bodies (IceCv)
  A lindwurm (D:10)
  An orc knight (Orc:1)
  An oklob plant (Lair:3)
  An orc sorcerer (Orc:1)
  2 cyclopes
  A black mamba (Lair:5)
  An ice statue (IceCv)
  Joseph (D:7)
  7 elephants
  12 cane toads
  2 unseen horrors
  Jeremiah (Lair:1)
  4 rime drakes
  2 anaconda simulacra (IceCv)
  A rime drake (shapeshifter) (D:12)
  9 komodo dragons
  A kobold demonologist (D:10)
  2 ice devils (Lair:4)
  6 trolls
  7 polar bears
  Prince Ribbit (D:5)
  A hornet (D:11)
  Grinder (D:5)
  A snapping turtle (Lair:3)
  8 blink frogs
  A jumping spider (D:10)
  A dire elephant simulacrum (IceCv)
  2 shadows (D:9)
  2 wraiths
  A vampire (D:10)
  Eustachio (D:5)
  5 wyverns
  A basilisk (Lair:2)
  27 yaks
  2 death yak simulacra (IceCv)
  2 redbacks (D:10)
  Edmund (D:4)
  Menkaure (D:7)
  A harpy simulacrum (IceCv)
  5 wargs
  5 vampire mosquitoes
  A hydra simulacrum (IceCv)
  An acid dragon (D:8)
  21 water moccasins
  3 sky beasts
  26 orc warriors
  7 black bears
  A hornet zombie (D:5)
  15 ogres
  4 ice beasts
  4 centaurs
  7 wolves
  A phantom (D:6)
  10 kobold brigands
  13 bullfrogs
  A wyvern zombie (D:5)
  3 necrophages (D:5)
  3 cane toad simulacra (IceCv)
  9 gnoll sergeants
  8 two-headed ogre simulacra (IceCv)
  10 wights
  2 elephant simulacra (IceCv)
  An electric eel (Lair:3)
  9 howler monkeys
  A bullfrog zombie (D:5)
  2 lava snakes (D:10)
  9 hounds
  Crazy Yiuf (D:6)
  2 jellies
  19 orc priests
  5 iguanas
  2 sleepcaps
  34 orc wizards
  7 hell rats
  8 spriggan simulacra (IceCv)
  A polar bear simulacrum (IceCv)
  4 troll simulacra (IceCv)
  2 wolf simulacra (IceCv)
  2 hound zombies (D:5)
  16 gnolls
  7 river rats (Lair:1)
  8 adders
  5 naga simulacra (IceCv)
  2 shadow imps
  8 white imps
  4 ufetubi (IceCv)
  3 worms
  A dart slug (D:1)
  77 orcs
  13 endoplasms
  3 giant cockroaches
  6 hobgoblins
  4 quokkas
  4 ball pythons
  2 bats (D:1)
  2 frilled lizards
  3 goblins
  22 kobolds
  12 rats
635 creatures vanquished.

Notes
Turn   | Place    | Note
-------+----------+-------------------------------------------
     0 | D:1      | avis the Felid Shapeshifter began the quest for the Orb.
     0 | D:1      | Reached XP level 1. HP: 9/9 MP: 2/2
    86 | D:1      | Reached skill level 1 in Stealth
   121 | D:1      | Reached XP level 2. HP: 12/12 MP: 3/3
   776 | D:2      | Reached XP level 3. HP: 15/15 MP: 4/4
  1428 | D:2      | Killed from afar by an orc priest
  1455 | D:2      | Reached skill level 5 in Shapeshifting
  1455 | D:2      | Reached skill level 3 in Dodging
  1455 | D:2      | Reached XP level 4. HP: 19/19 MP: 5/5
  1641 | D:3      | Found an opulent altar of Gozag.
  1682 | D:3      | Became a worshipper of Gozag Ym Sagoz the Greedy
  1973 | D:3      | Reached skill level 4 in Dodging
  2193 | D:4      | Noticed Edmund
  2257 | D:4      | Reached XP level 5. HP: 17/22 MP: 6/6
  2308 | D:4      | Killed Edmund
  2309 | D:4      | Reached skill level 5 in Dodging
  2309 | D:4      | Gained mutation: You are covered in thick fur. (AC +2)
                  | [Felid growth]
  2309 | D:4      | Reached XP level 6. HP: 25/25 MP: 7/7
  2507 | D:4      | Found a shimmering altar of Xom.
  3113 | D:4      | Found a hide-covered altar of Uskayaw.
  3134 | D:4      | Found a sparkling altar of Nemelex Xobeh.
  3282 | D:5      | Entered Level 5 of the Dungeon
  3308 | D:4      | Reached XP level 7. HP: 24/28 MP: 8/8
  3323 | D:5      | Reached skill level 5 in Unarmed Combat
  3390 | D:5      | Noticed Prince Ribbit
  3518 | D:4      | Reached skill level 5 in Stealth
  3537 | D:5      | Killed Prince Ribbit
  3538 | D:5      | Reached XP level 8. HP: 20/32 MP: 9/9
  3617 | D:5      | Noticed Grinder
  3618 | D:5      | Paralysed by Grinder for 4 turns
  3800 | D:5      | Paralysed by Grinder for 4 turns
  3806 | D:5      | Killed Grinder
  4064 | D:5      | Found a stormy altar of Qazlal.
  4066 | D:5      | Noticed Eustachio
  4085 | D:5      | Killed Eustachio
  4086 | D:5      | Reached skill level 5 in Fighting
  4280 | D:5      | Found a blossoming altar of Fedhas.
  4340 | D:5      | Reached XP level 9. HP: 19/40 MP: 10/10
  4362 | D:5      | HP: 2/40 [wyvern zombie (8)]
  4365 | D:5      | Mangled by a wyvern zombie
  5240 | D:6      | Reached skill level 10 in Shapeshifting
  5488 | D:6      | Noticed a cyclops
  5502 | D:6      | HP: 1/60 [cyclops (8)]
  5509 | D:6      | Killed a cyclops
  5525 | D:6      | HP: 2/60 [orc priest/divine providence (9)]
  5531 | D:6      | Reached XP level 10. HP: 15/44 MP: 11/11
  6129 | D:6      | Reached skill level 6 in Dodging
  6406 | D:6      | Mangled by a warg
  6436 | D:6      | Reached skill level 7 in Dodging
  6656 | D:6      | Found Ycu Hos's Weapon Boutique.
  6777 | D:6      | Found a runed translucent door.
  6778 | D:6      | Noticed Crazy Yiuf
  7203 | D:7      | Found a staircase to the Ecumenical Temple.
  7244 | Temple   | Entered the Ecumenical Temple
  7253 | D:7      | Noticed Menkaure
  7421 | D:7      | Reached skill level 8 in Dodging
  7555 | D:7      | Found a bloodstained altar of Trog.
  7831 | D:7      | Killed Menkaure
  7832 | D:7      | Reached skill level 9 in Dodging
  7901 | D:7      | Noticed Joseph
  7911 | D:7      | Killed Joseph
  8252 | D:8      | Found a hazy altar of Hepliaklqana.
  8320 | D:8      | Reached skill level 10 in Dodging
  9243 | D:8      | Reached XP level 11. HP: 47/47 MP: 12/12
 10136 | D:9      | Noticed an angel
 10139 | D:9      | Found Oruasea's Hallowed Reliquary.
 10143 | D:9      | Bought a potion of curing for 39 gold pieces
 10143 | D:9      | Bought a potion of curing for 39 gold pieces
 10143 | D:9      | Bought a potion of heal wounds for 65 gold pieces
 10143 | D:9      | Bought a potion of heal wounds for 65 gold pieces
 10253 | D:9      | Learned a level 2 spell: Blink
 10258 | D:9      | Learned a level 4 spell: Manifold Assault
 10262 | D:9      | Learned a level 3 spell: Teleport Other
 10357 | D:9      | Found a shadowy altar of Dithmenos.
 10468 | D:10     | Entered Level 10 of the Dungeon
 10537 | D:10     | Found Dec Pouh's Book Boutique.
 10556 | D:10     | Reached skill level 1 in Translocations
 10758 | D:10     | Found a runed translucent door.
 11014 | D:10     | Found a staircase to the Lair.
 11438 | Lair:1   | Entered Level 1 of the Lair of Beasts
 11674 | Lair:1   | You fall into a shaft and drop 1 floor!
 11889 | Lair:1   | Noticed Jeremiah
 11911 | Lair:1   | Reached skill level 10 in Stealth
 11911 | Lair:1   | Killed Jeremiah
 12076 | Lair:1   | Noticed a catoblepas
 12083 | Lair:1   | Killed a catoblepas
 13057 | Lair:1   | Gained mutation: Your thick and shaggy fur keeps you warm.
                  | (AC +3, rC+) [Felid growth]
 13057 | Lair:1   | Reached XP level 12. HP: 51/51 MP: 13/13
 13108 | Lair:1   | Bought a scroll of identify for 56 gold pieces
 13108 | Lair:1   | Bought a scroll of fog for 112 gold pieces
 13108 | Lair:1   | Bought 2 potions of curing for 168 gold pieces
 13108 | Lair:1   | Bought a potion of berserk rage for 140 gold pieces
 13108 | Lair:1   | Bought a potion of berserk rage for 140 gold pieces
 13108 | Lair:1   | Bought a warped emerald amulet for 140 gold pieces
 13108 | Lair:1   | Identified the amulet "Teat" {RegenMP rCorr} (You bought it
                  | in a shop on level 1 of the Lair of Beasts)
 13482 | Lair:2   | Noticed a death yak
 13482 | Lair:2   | Noticed a death yak
 13483 | Lair:2   | Noticed a death yak
 13483 | Lair:2   | Noticed a death yak
 13486 | Lair:2   | Noticed a death yak
 13497 | Lair:2   | Killed a death yak
 13500 | Lair:2   | Noticed a death yak
 13504 | Lair:2   | Killed a death yak
 13512 | Lair:2   | Killed a death yak
 13513 | Lair:2   | Reached skill level 10 in Unarmed Combat
 13519 | Lair:2   | Killed a death yak
 13526 | Lair:2   | Killed a death yak
 13527 | Lair:2   | Reached skill level 5 in Translocations
 13530 | Lair:2   | Killed a death yak
 14512 | Lair:3   | Found a staircase to the Snake Pit.
 14629 | Lair:3   | Noticed a five-headed hydra
 14645 | Lair:3   | Killed a five-headed hydra
 14655 | Lair:3   | Noticed a death yak
 14655 | Lair:3   | Noticed a death yak
 14658 | Lair:3   | Noticed a death yak
 14659 | Lair:3   | Noticed a death yak
 14661 | Lair:3   | Noticed a death yak
 14662 | Lair:3   | Noticed a death yak
 14709 | Lair:3   | Killed a death yak
 14753 | Lair:2   | Killed a death yak
 14787 | Lair:2   | Killed a death yak
 14889 | Lair:2   | Slain by a death yak
 14933 | Lair:2   | Killed a death yak
 15082 | Lair:3   | Killed a death yak
 15083 | Lair:3   | Reached skill level 10 in Fighting
 15108 | Lair:3   | Killed a death yak
 15177 | Lair:3   | Reached XP level 13. HP: 61/61 MP: 14/14
 15316 | Lair:3   | Found a staircase to the Shoals.
 15815 | Lair:4   | Reached skill level 11 in Dodging
 16091 | Lair:4   | Found a staircase to the Slime Pits.
 16159 | Lair:4   | Found a frozen archway.
 16284 | Lair:4   | Reached skill level 12 in Dodging
 16352 | IceCv    | Entered an ice cave
 16631 | IceCv    | HP: 3/61 [harpy simulacrum (2)]
 16632 | IceCv    | Mangled by an anaconda simulacrum
 17985 | IceCv    | Reached skill level 13 in Dodging
 18879 | Lair:4   | Reached skill level 1 in Spellcasting
 19385 | D:6      | Killed Crazy Yiuf
 19525 | D:10     | Found a runed translucent gate.
 19527 | D:10     | Found a runed translucent gate.
 19528 | D:10     | Found a runed translucent gate.
 19528 | D:10     | Found a runed translucent gate.
 19528 | D:10     | Found a runed translucent gate.
 19529 | D:10     | Found a runed translucent gate.
 19812 | D:10     | Reached skill level 14 in Dodging
 20138 | Lair:4   | Bought a potion of heal wounds for 125 gold pieces
 20138 | Lair:4   | Bought a scroll labelled RURRANIDIM for 25 gold pieces
 20138 | Lair:4   | Bought a potion of cancellation for 200 gold pieces
 20138 | Lair:4   | Bought a lightning rod (4/4) for 1000 gold pieces
 20146 | Lair:4   | Identified a scroll of acquirement
 20146 | Lair:4   | Acquired the Thoughts on Mutable Points
 20153 | Lair:4   | Learned a level 4 spell: Passage of Golubria
 20182 | Lair:5   | Entered Level 5 of the Lair of Beasts
 20390 | Lair:5   | Found a gate leading to a gauntlet.
 20603 | Lair:5   | Reached skill level 15 in Dodging
 20675 | Gauntlet | Entered a Gauntlet
 20675 | Gauntlet | Found a transporter.
 20675 | Gauntlet | Found a transporter.
 20675 | Gauntlet | Found a transporter.
 20678 | Gauntlet | Found a transporter.
 20682 | Gauntlet | Found a transporter.
 20692 | Gauntlet | Found a transporter.
 20700 | Gauntlet | Found a transporter.
 20706 | Gauntlet | Found a transporter.
 20707 | Gauntlet | Found a transporter.
 20745 | Gauntlet | Found a transporter.
 20767 | Gauntlet | Found a transporter.
 20857 | Gauntlet | Found a transporter.
 21037 | Lair:5   | Found a one-way gate to the infinite horrors of the Abyss.
 21037 | Lair:5   | Noticed Suloph's ghost (journeyman MiFi)
 21224 | Lair:5   | Found a transporter.
 21238 | Lair:5   | Found a transporter.
 21392 | Lair:4   | Reached XP level 14. HP: 33/66 MP: 19/19
 22269 | Lair:5   | Bought a bubbling clear potion for 35 gold pieces
 22269 | Lair:5   | Bought a scroll labelled CIUFE ANOE for 39 gold pieces
 22269 | Lair:5   | Bought a scroll labelled KESHIO FAJUS for 39 gold pieces
 22410 | Lair:1   | Gained mutation: You occasionally lose the ability to drink
                  | potions when taking damage. [potion of mutation]
 22411 | Lair:1   | Lost mutation: You occasionally lose the ability to drink
                  | potions when taking damage. [potion of mutation]
 22411 | Lair:1   | Gained mutation: Your mind is acute. (Int +4, Str/Dex -1)
                  | [potion of mutation]
 22411 | Lair:1   | Gained mutation: Your muscles are strong. (Str +4, Int/Dex
                  | -1) [potion of mutation]
 23441 | D:12     | Found Exke's Assorted Antiques.
 23448 | D:12     | Bought a scroll of identify for 56 gold pieces
 23448 | D:12     | Bought a potion of curing for 84 gold pieces
 23448 | D:12     | Bought a scroll of revelation for 210 gold pieces
 23448 | D:12     | Bought a wand of mindburst (7) for 274 gold pieces
 23480 | D:12     | Found a shimmering altar of Xom.
 23495 | D:12     | Found a staircase to the Orcish Mines.
 23648 | D:12     | Found Laufrig's Jewellery Shoppe.
 23697 | D:12     | Reached skill level 10 in Translocations
 23793 | D:12     | Found Dixosheu's Antique Armour Boutique.
 23974 | D:12     | Found Hoecvi's Antique Weapon Boutique.
 24247 | Orc:1    | Entered Level 1 of the Orcish Mines
 24810 | Orc:1    | Found Delail's Antique Armour Boutique.
 24886 | Orc:1    | Found Goox's Antique Weapon Shoppe.
 25093 | D:12     | Bought a dragon-blood talisman for 960 gold pieces
 25145 | Orc:2    | Entered Level 2 of the Orcish Mines
 25145 | Orc:2    | Noticed an orc warlord
 25223 | Orc:1    | Killed an orc warlord
 25427 | Orc:2    | Noticed an orc warlord
 25454 | Orc:2    | Found Ogodd's General Store.
 25507 | Orc:1    | Slain by an orc warrior

Illustrated notes

Levels and vault maps discovered:
D:1:      dpeg_arrival_connections, layout_rooms, hangedman_decor_diamond_cutter
D:2:      layout_loops_ring, dreamdust_wishing_well, dreamdust_mushroom_princess
D:3:      layout_rooms, mainiacjoe_overflow_cross_hatched,
          roderic_roman_lattice, grunt_ministairs_8
D:4:      layout_cave_pods, lemuel_doored_altar, amcnicky_altar_gilded,
          nemelex_spade_bored_becter, st_stairs_7, uniq_edmund
D:5:      layout_rooms, fedhas_altar_decomposition,
          nicolae_qazlal_beasts_of_the_sky, uniq_prince_ribbit1, uniq_eustachio,
          uniq_grinder
D:6:      lemuel_castle_with_subvaults [lemuel_castle_interior_carwin_1],
          layout_loops_cross, serial_shops, shop, uniq_crazy_yiuf_cottage
D:7:      layout_loops_cross, mainiacjoe_overflow_six_doors_small,
          minmay_temple_entry_junction, uniq_menkaure, uniq_joseph
D:8:      layout_cave_pods, nzn_hepliaklqana_mist_gate, nicolae_hexahallways
D:9:      layout_roguey, grunt_dithmenos_shadows, nicolae_good_shop
D:10:     gammafunk_indiana_jones, layout_basic, minmay_lair_entry_grove,
          serial_shops, nicolae_stop_n_shop_1
D:11:     layout_cave_pools, hangedman_abyss_or_decor_passed
D:12:     layout_basic, kennysheep_orc_monster_closet_entryway, serial_shops,
          shop, shop, shop, kennysheep_mini, xom_teletrap_fun
Temple:   dshaligram_water_room_temple
Lair:1:   layout_cave_pods, kennysheep_rathole, uniq_jeremiah
Lair:2:   layout_gridlike, grunt_megastairs_5
Lair:3:   layout_long_grid, minmay_shoals_entry_hut,
          guppyfry_snake_entry_garden, minivault_24, serial_bayou_shore_b,
          grunt_megastairs_3
Lair:4:   layout_regular_city, slime_entry_1, portal_ice_cave_demonic_guard,
          serial_rivers, chequers_serial_rivers_large_a,
          chequers_serial_rivers_marsh, chequers_serial_rivers_micro_d,
          chequers_serial_rivers_micro_b
Lair:5:   grunt_lair_end_beastmaster, layout_hall_layers,
          gauntlet_entry_generic, gammafunk_ghost_abyssal_escape
Orc:1:    layout_diamond_mine, basic_altar, serial_shops,
          nicolae_shop_pleasant_corner_grove, nicolae_shop_window_shopping,
          guppyfry_library_mini
Orc:2:    grunt_orc_gardens, layout_caves, grunt_orc_garden, grunt_orc_garden,
          grunt_orc_garden, grunt_orc_garden

Skill      XL: |  1  2  3  4  5  6  7  8  9 10 11 12 13 14 |
---------------+-------------------------------------------+-----
Stealth        | 1 2 3 4 5 6 7 9 10 | 10.0
Shapeshifting  | 4 5 6 7 8 11 12 14 | 14.1
Dodging        | 3 4 5 10 15 | 15.0
Unarmed Combat | 4 5 8 10 14 | 14.0
Fighting       | 5 10 | 10.0
Translocations | 4 6 9 11 | 11.0
Spellcasting   | 3 |  3.0

Action                     |  1- 3 |  4- 6 |  7- 9 | 10-12 | 13-15 || total
---------------------------+-------+-------+-------+-------+-------++-------
  Melee: Unarmed           |    82 |   103 |   315 |   879 |  1135 ||  2514
         Bite              |    12 |    11 |    26 |   144 |   202 ||   395
         Punch             |     2 |     5 |     9 |     2 |     2 ||    20
         Tailslap          |       |       |       |       |    10 ||    10
   Cast: Manifold Assault  |       |       |       |       |     2 ||     2
 Invoke: Call Merchant     |       |       |       |     1 |     2 ||     3
Ability: Breathe Fire      |       |       |       |       |     9 ||     9
  Evoke: Wand              |       |     4 |     9 |     8 |     7 ||    28
    Use: Potion            |       |       |     9 |     8 |    12 ||    29
         Scroll            |       |       |       |    11 |    10 ||    21
   Stab: Sleeping          |     4 |     3 |     4 |    19 |     7 ||    37
         Paralysed         |       |     3 |       |     2 |       ||     5
         Distracted        |       |       |     2 |    16 |    10 ||    28
 Armour: Skin              |    17 |    21 |   151 |   219 |   342 ||   750
  Dodge: Dodged            |    44 |    73 |   213 |   720 |  1230 ||  2280
   Form: Flux              |       |       |       |     1 |       ||     1
         Dragon            |       |       |       |       |     1 ||     1

Table legend: (Time is in decaauts)
 A = Elapsed time spent in this place.
 B = Non-inter-level travel time spent in this place.
 C = Inter-level travel time spent in this place.
 D = Time resting spent in this place.
 E = Time spent auto-exploring this place.
 F = Levels seen in this place.
 G = Mean time per level.
                   A        B        C        D        E       F      G
               +--------+--------+--------+--------+--------+-----+--------+
         Total |  21883 |  19095 |   2788 |   3924 |   6267 |  22 |  994.7 |
       Dungeon |  11900 |  10123 |   1777 |   1604 |   3936 |  12 |  991.7 |
        Temple |     12 |     10 |      2 |      0 |      0 |   1 |   12.0 |
          Lair |   6538 |   5560 |    978 |    869 |   1989 |   5 | 1307.6 |
  Orcish Mines |   1004 |    974 |     30 |    117 |    259 |   2 |  502.0 |
      Ice Cave |   2233 |   2233 |      0 |   1333 |     82 |   1 | 2233.0 |
      Gauntlet |    193 |    193 |      0 |      0 |      0 |   1 |  193.0 |
               +--------+--------+--------+--------+--------+-----+--------+

Top non-repeatable levels by time:
   IceCv: 2233 daAuts
  Lair:1: 1870 daAuts
     D:6: 1657 daAuts
  Lair:4: 1571 daAuts
     D:5: 1525 daAuts
    D:10: 1352 daAuts
     D:4: 1262 daAuts
     D:8: 1214 daAuts
  Lair:3: 1140 daAuts
  Lair:5: 1005 daAuts
  Lair:2: 951 daAuts
     D:7: 934 daAuts
   Orc:1: 901 daAuts
     D:9: 807 daAuts
    D:12: 759 daAuts
